 Dungeon Crawl Stone Soup version 0.27.0-1-g7a089689b8 (webtiles) character file.

Game seed: 3249604826779241255

1597 Crownlay the Grappler (level 8, -8/74 HPs)
             Began as a Troll Warper on Aug 12, 2021.
             Killed by divine providence
             ... invoked by an orc priest
              (15 damage)
             ... on level 6 of the Dungeon.
             The game lasted 00:15:54 (4450 turns).

Crownlay the Grappler (Troll Warper)                Turns: 4450, Time: 00:15:55

Health: -8/74      AC:  9    Str: 21    XL:     8   Next: 62%
Magic:  8/8        EV:  9    Int: 10    God:
Gold:   551        SH:  0    Dex:  9    Spells: 7/9 levels left

rFire    . . .     SeeInvis .     - Unarmed
rCold    . . .     Faith    .   (no shield)
rNeg     . . .     Spirit   .   a - +0 robe
rPois    .         Reflect  .   (helmet restricted)
rElec    .         Harm     .   C - +0 cloak
rCorr    .         Rampage  .   (gloves unavailable)
Will     .....                  (boots unavailable)
Stlth    +.........             j - amulet of the acrobat
HPRegen  1.22/turn              r - +4 ring of protection
MPRegen  0.11/turn              (no ring)

@: no status effects
A: large, unfitting armour, claws 3, regeneration 1, shaggy fur 1, tough skin 1
a: no special abilities


You were on level 6 of the Dungeon.
You visited 1 branch of the dungeon, and saw 6 of its levels.
You also visited: Ossuary.

You collected 551 gold pieces.

Inventory:

Missiles
 c - 5 boomerangs of dispersal
 i - 8 boomerangs (quivered)
 l - 9 javelins
 A - 3 atropa-tipped darts
 G - a throwing net
Armour
 a - a +0 robe (worn)
 C - a +0 cloak (worn)
Jewellery
 j - an amulet of the acrobat (around neck)
 r - a +4 ring of protection (left claw)
Wands
 z - a wand of digging (4)
 B - a wand of acid (10)
 F - a wand of flame (19)
Scrolls
 b - 2 scrolls of blinking
 f - 3 scrolls of teleportation
 n - 3 scrolls of amnesia
 p - 2 scrolls of brand weapon
 q - a scroll of fear
 s - 2 scrolls of enchant armour {unknown}
 v - a scroll of noise {unknown}
 x - a scroll of magic mapping
 y - 2 scrolls of identify
 D - a scroll of enchant weapon {unknown}
 E - a scroll of silence {unknown}
Potions
 d - a potion of invisibility {unknown}
 e - 3 potions of heal wounds
 g - 2 potions of brilliance {unknown}
 h - a potion of attraction {unknown}
 k - a potion of magic {unknown}
 m - 2 potions of curing {unknown}
 o - 4 potions of degeneration
 t - a potion of haste {unknown}
 u - 3 potions of lignification {unknown}
 w - a potion of ambrosia {unknown}


   Skills:
 * Level 2.4 Fighting
 - Level 0.8 Throwing
 - Level 1.9 Dodging
 - Level 8.0 Unarmed Combat
 - Level 1.2 Spellcasting
 + Level 6.1 Translocations


You had 7 spell levels left.
You knew the following spells:

 Your Spells              Type           Power      Damage    Failure   Level
a - Blink                 Tloc           N/A        N/A       4%          2

Your spell library contained the following spells:

 Spells                   Type           Power      Damage    Failure   Level
 Gell's Gravitas          Tloc           6%         N/A       9%          3
 Lesser Beckoning         Tloc           6%         N/A       9%          3
 Teleport Other           Tloc           12%        N/A       9%          3
 Portal Projectile        Hex/Tloc       12%        N/A       28%         3
 Magic Dart               Conj           0%         1d3       34%         1
 Summon Small Mammal      Summ           0%         N/A       34%         1
 Call Imp                 Summ           0%         N/A       45%         2
 Manifold Assault         Tloc           12%        N/A       61%         5
 Call Canine Familiar     Summ           0%         N/A       71%         3
 Mephitic Cloud           Conj/Pois/Air  0%         N/A       71%         3
 Summon Guardian Golem    Hex/Summ       0%         N/A       71%         3
 Blade Hands              Tmut           0%         N/A       100%        5
 Excruciating Wounds      Necr           0%         N/A       100%        5


Dungeon Overview and Level Annotations

Branches:
Dungeon (6/15)             Temple (0/1) D:4         Ossuary (visited)

Altars:
Elyvilon
Hepliaklqana
Okawaru
Qazlal


Innate Abilities, Weirdness & Mutations

You are too large for most types of armour.
You have claws for hands.
Your natural rate of healing is unusually fast.
You are covered in fur. (AC +1)
You have tough skin. (AC +1)


Message History

You bump into the rock wall.
Something hits you but does no damage. The ogre barely misses you.
You bump into the rock wall.
You hear some strange, mumbled words.
A puff of flame appears from out of thin air!
The puff of flame hits you.
The ogre hits you with a +0 giant spiked club!
You closely miss the ogre. You claw the ogre.
The ogre is severely wounded.
Something hits you but does no damage.
The ogre hits you with a +0 giant spiked club!
* * * LOW HITPOINT WARNING * * *
You scratch the ogre but do no damage.
The ogre is severely wounded.
Something hits you but does no damage.
You claw the ogre!
You kill the ogre!
Something hits you but does no damage.
You bump into the rock wall.
You feel less confused.
An orc wizard appears from thin air!
Reactivating autopickup.
The orc priest mumbles some strange prayers to Beogh against you.
Beogh smites you!
* * * LOW HITPOINT WARNING * * *
The orc wizard points at you and mumbles some strange words.
You resist with some effort.
You barely miss the orc wizard.
The orc priest hits you but does no damage.
The orc wizard hits you but does no damage.
You closely miss the orc wizard.
The orc priest hits you with a +0 dagger.
* * * LOW HITPOINT WARNING * * *
The orc wizard gestures at you while chanting.
The magic dart hits you but does no damage.
You scratch the orc wizard.
The orc wizard is moderately wounded.
The orc priest mumbles some strange prayers to Beogh against you.
Beogh smites you!
You die...

# ###### .# .....# #.#
####.# #.. ####.#########
##.# # ...<.........#
##.##.#.# #
#####.######.# #@o.<..#
.# #
#.######.####o####.#.#
#####.........# #o.## ..
.......#####..###.#.#.#.#
#####...............)...#
# #.######.(......)......
# #.# #..###.######### #
#.# ##.# #.# # #.# #.#
#.#


You could see an orc priest, an orc wizard and an orc.

Vanquished Creatures
  Grinder (D:3)
  A sky beast (D:6)
  An ice beast (D:5)
  An ogre (D:6)
  2 centaurs
  2 scorpions (D:4)
  A wyvern skeleton (D:6)
  2 bullfrog zombies (D:6)
  A gnoll shaman (D:6)
  An orc priest (D:6)
  A bullfrog skeleton (D:6)
  A hound (D:4)
  2 iguanas
  4 orc wizards (D:3)
  Natasha (thrice) (D:3)
  A hound skeleton (D:4)
  8 mummies (Ossuary)
  Robin (D:3)
  A howler monkey skeleton (D:4)
  12 gnolls
  6 adders
  2 white imps
  A dart slug (D:1)
  9 orcs
  5 bats
  6 endoplasms
  3 giant cockroaches
  2 gnoll zombies (Ossuary)
  6 goblins
  11 hobgoblins
  4 jackals (D:1)
  3 quokkas
  9 ball pythons
  A frilled lizard (D:1)
  2 hobgoblin zombies (Ossuary)
  9 kobolds
  2 kobold zombies (Ossuary)
  2 orc zombies (Ossuary)
  2 rats
132 creatures vanquished.

Vanquished Creatures (others)
  An endoplasm (D:4)
1 creature vanquished.

Grand Total: 133 creatures vanquished

Notes
Turn   | Place    | Note
-------+----------+-------------------------------------------
     0 | D:1      | Crownlay the Troll Warper began the quest for the Orb.
     0 | D:1      | Reached XP level 1. HP: 19/19 MP: 1/1
    55 | D:1      | Reached XP level 2. HP: 20/27 MP: 2/2
    69 | D:1      | Learned a level 2 spell: Blink
   205 | D:1      | Found a faded altar of an unknown god.
   419 | D:1      | Reached XP level 3. HP: 33/33 MP: 3/3
  1492 | D:3      | Reached skill level 3 in Unarmed Combat
  1503 | D:3      | Noticed Grinder
  1514 | D:3      | Killed Grinder
  1515 | D:3      | Reached skill level 5 in Unarmed Combat
  1515 | D:3      | Reached XP level 4. HP: 22/41 MP: 4/4
  1515 | D:3      | Reached XP level 5. HP: 26/48 MP: 5/5
  1642 | D:3      | Noticed Natasha
  1657 | D:3      | Killed Natasha
  1658 | D:3      | Reached XP level 6. HP: 55/55 MP: 6/6
  1756 | D:3      | Reached skill level 6 in Unarmed Combat
  1887 | D:3      | Noticed Robin
  1897 | D:3      | Killed Robin
  1923 | D:3      | Noticed Natasha
  1937 | D:3      | Killed Natasha
  2214 | D:3      | Reached skill level 7 in Unarmed Combat
  2295 | D:3      | Noticed Natasha
  2308 | D:3      | Killed Natasha
  2309 | D:3      | Reached XP level 7. HP: 28/62 MP: 7/7
  2640 | D:4      | Found a staircase to the Ecumenical Temple.
  2816 | D:4      | Found a white marble altar of Elyvilon.
  2853 | D:4      | Found an iron altar of Okawaru.
  2976 | D:4      | Reached skill level 8 in Unarmed Combat
  3049 | D:4      | Found a sand-covered staircase.
  3058 | Ossuary  | Entered an ossuary
  3706 | D:5      | Entered Level 5 of the Dungeon
  3792 | D:5      | Found a hazy altar of Hepliaklqana.
  3846 | D:5      | Found a stormy altar of Qazlal.
  3906 | D:5      | Reached XP level 8. HP: 64/70 MP: 8/8
  4216 | D:6      | Reached skill level 5 in Translocations
  4450 | D:6      | Killed from afar by an orc priest

Illustrated notes

Levels and vault maps discovered:
D:1:      dpeg_arrival_tiny_j, layout_basic, chequers_ecumenical_altar_twisty,
          st_stairs_11
D:2:      layout_basic, nrook_uturn
D:3:      layout_basic, roderic_roman_lattice, hangedman_glass_teeth,
          uniq_natasha, uniq_grinder, uniq_robin
D:4:      layout_basic, okawaru_trees_1, elyvilon_altar_4,
          minmay_temple_entry_arrows, enter_ossuary_1
D:5:      layout_basic, nzn_hepliaklqana_mist_gate,
          nicolae_qazlal_general_emergency
D:6:      layout_loops_ring

Skill      XL: |  1  2  3  4  5  6  7  8 |
---------------+-------------------------+-----
Translocations | 3 4 6 |  6.1
Unarmed Combat | 5 7 8 |  8.0
Fighting       | 2 |  2.4
Throwing       | |  0.8
Dodging        | |  1.9
Spellcasting   | |  1.2

Action                   |  1- 3 |  4- 6 |  7- 9 || total
-------------------------+-------+-------+-------++-------
Melee: Unarmed           |   112 |    91 |   196 ||   399
       Punch             |     1 |     3 |     8 ||    12
Throw: Boomerang         |    25 |    31 |       ||    56
 Cast: Blink             |     1 |       |       ||     1
  Use: Scroll            |       |       |     7 ||     7
 Stab: Sleeping          |     1 |       |       ||     1
Armor: Robe              |    65 |    31 |    67 ||   163
Dodge: Dodged            |    82 |    45 |    90 ||   217
